Map: Whirlwind LE (Void)

Players

oliM - Winner!

  • Race: Protoss Protoss
  • League: Grandmaster
  • Spawn Location: 7:00

Leo

  • Race: Protoss Protoss
  • League: Master
  • Spawn Location: 11:00

VOD

Have the link to the VOD?

Description

Time

  • Played on: Dec. 2, 2016, 2:19 a.m.
  • Length: 10:40
Show
View Real Time Build Order
Export as new Build Order

oliM Protoss - Winner!

Build Orders:  

Get SALT Encoding   

  12  0:05  Probe (Chrono Boost)  
  13  0:15  Probe (Chrono Boost)  
  13  0:18  Pylon  
  14  0:26  Probe (Chrono Boost)  
  15  0:37  Probe (Chrono Boost), Gateway  
  16  0:47  Probe (Chrono Boost)  
  16  0:48  Assimilator  
  17  0:53  Assimilator  
  17  0:58  Probe (Chrono Boost)  
  18  1:08  Probe (Chrono Boost)  
  19  1:12  Gateway  
  19  1:19  Probe (Chrono Boost)  
  20  1:27  Cybernetics Core  
  20  1:29  Probe (Chrono Boost)  
  21  1:37  Pylon  
  21  1:41  Probe (Chrono Boost)  
  22  1:51  Probe (Chrono Boost)  
  23  2:02  Probe (Chrono Boost)  
  23  2:04  Stalker  
  23  2:05  Stalker  
  28  2:08  Warp Gate (Chrono Boost)  
  28  2:17  Pylon  
  28  2:21  Mothership Core  
  30  2:41  Stalker x2  
  30  2:43  Probe  
  35  3:07  Nexus  
  35  3:12  Pylon  
  35  3:16  Probe  
  36  3:29  Probe  
  36  3:34  Robotics Facility  
  37  3:41  Probe  
  42  3:53  Probe (Chrono Boost)  
  39  3:59  Twilight Council  
  39  4:00  Sentry  
  39  4:01  Sentry  
  43  4:04  Probe (Chrono Boost)  
  44  4:14  Probe (Chrono Boost)  
  45  4:19  Probe (Chrono Boost)  
  45  4:23  Observer  
  47  4:25  Probe (Chrono Boost)  
  47  4:29  Sentry  
  47  4:30  Forge, Pylon, Probe (Chrono Boost)  
  51  4:34  Blink (Chrono Boost)  
  51  4:35  Probe (Chrono Boost)  
  52  4:39  Probe (Chrono Boost)  
  53  4:46  Probe  
  53  4:49  Probe  
  55  4:55  Gateway  
  55  4:56  Protoss Ground Weapons Level 1  
  55  4:57  Gateway  
  55  4:58  Probe (Chrono Boost)  
  56  5:02  Probe (Chrono Boost)  
  57  5:10  Probe (Chrono Boost)  
  58  5:15  Assimilator  
  58  5:19  Probe (Chrono Boost), Assimilator  
  58  5:20  Probe (Chrono Boost)  
  60  5:24  Gateway  
  60  5:31  Probe x2 (Chrono Boost)  
  60  5:32  Robotics Bay  
  62  5:42  Probe (Chrono Boost)  
  64  5:43  Pylon, Probe (Chrono Boost)  
  64  5:47  Pylon  
  64  5:48  Immortal (Chrono Boost)  
  68  5:50  Pylon  
  68  5:52  Probe  
  69  6:03  Stalker x3  
  75  6:15  Gateway  
  75  6:17  Pylon  
  75  6:32  Nexus, Probe  
  76  6:34  Pylon  
  76  6:35  Disruptor (Chrono Boost)  
  76  6:37  Probe  
  76  6:39  Protoss Ground Weapons Level 2 (Chrono Boost)  
  80  6:42  Robotics Facility  
  80  6:44  Probe  
  81  6:48  Pylon  
  81  6:49  Probe  
  82  6:56  Probe  
  82  6:57  Stalker  
  85  7:01  Probe  
  86  7:10  Probe  
  86  7:11  Stalker x2  
  86  7:12  Stalker  
  86  7:14  Disruptor (Chrono Boost)  
  96  7:21  Probe  
  97  7:32  Disruptor (Chrono Boost)  
  100  7:37  Pylon, Probe  
  100  7:40  Dark Shrine  
  100  7:43  Photon Cannon  
  101  7:45  Gateway  
  101  7:51  Probe  
  102  7:53  Assimilator  
  102  7:57  Assimilator  
  102  7:58  Disruptor (Chrono Boost)  
  105  8:11  Stalker  
  105  8:12  Stalker x3  
  100  8:31  Probe  
  100  8:34  Photon Cannon  
  101  8:35  Probe x2  
  101  8:36  Photon Cannon  
  101  8:37  Photon Cannon  
  101  8:41  Disruptor (Chrono Boost)  
  106  8:43  Photon Cannon  
  106  8:45  Disruptor (Chrono Boost)  
  109  8:49  Probe  
  109  8:51  Pylon, Stalker x4  
  118  8:59  Dark Templar  
  120  9:07  Dark Templar  
  122  9:18  Disruptor (Chrono Boost)  
  122  9:19  Nexus  
  122  9:20  Pylon  
  125  9:24  Stalker x2  
  129  9:33  Disruptor (Chrono Boost)  
  132  9:39  Probe  
  118  9:55  Stalker x5  
  118  9:56  Stalker x2  
  132  10:00  Disruptor (Chrono Boost)  
  131  10:10  Probe  
  133  10:17  Pylon  
  133  10:18  Gateway  
  133  10:19  Pylon  
  133  10:20  Photon Cannon, Gateway  
  127  10:23  Photon Cannon  
  127  10:24  Assimilator  
  127  10:26  Probe  
  124  10:28  Assimilator  
Show
View Real Time Build Order
Export as new Build Order

Leo Protoss 

Build Orders:  

Get SALT Encoding   

  12  0:01  Probe (Chrono Boost)  
  13  0:11  Probe (Chrono Boost)  
  14  0:17  Pylon  
  14  0:22  Probe (Chrono Boost)  
  16  0:35  Probe (Chrono Boost)  
  16  0:36  Gateway  
  16  0:43  Assimilator  
  16  0:46  Probe (Chrono Boost)  
  17  0:55  Assimilator  
  17  0:57  Probe (Chrono Boost)  
  18  1:07  Probe (Chrono Boost)  
  19  1:14  Gateway  
  20  1:18  Probe (Chrono Boost)  
  20  1:25  Cybernetics Core  
  20  1:29  Probe (Chrono Boost)  
  21  1:35  Pylon  
  21  1:39  Probe (Chrono Boost)  
  22  1:51  Probe (Chrono Boost)  
  23  2:02  Warp Gate (Chrono Boost)  
  23  2:03  Stalker x2  
  27  2:12  Pylon  
  27  2:14  Mothership Core (Chrono Boost)  
  29  2:34  Stalker x2  
  33  2:58  Nexus  
  33  3:05  Sentry  
  35  3:17  Robotics Facility  
  35  3:29  Pylon  
  35  3:37  Probe (Chrono Boost)  
  36  3:50  Probe (Chrono Boost)  
  36  3:52  Twilight Council  
  37  4:00  Probe (Chrono Boost)  
  38  4:07  Immortal  
  42  4:11  Probe (Chrono Boost)  
  42  4:13  Probe (Chrono Boost)  
  44  4:22  Probe (Chrono Boost)  
  45  4:24  Stalker x2  
  45  4:25  Probe (Chrono Boost)  
  50  4:32  Blink (Chrono Boost)  
  50  4:36  Probe x2  
  52  4:48  Probe  
  52  4:49  Observer  
  52  4:50  Probe  
  55  5:01  Pylon, Probe  
  55  5:04  Assimilator  
  56  5:08  Probe  
  56  5:13  Immortal, Probe  
  62  5:21  Gateway  
  62  5:22  Probe  
  62  5:25  Gateway  
  63  5:33  Probe x2  
  65  5:40  Assimilator  
  65  5:45  Probe  
  65  5:48  Probe  
  67  5:52  Stalker  
  67  5:54  Pylon  
  69  6:01  Probe, Robotics Bay  
  70  6:09  Pylon  
  70  6:16  Nexus  
  70  6:18  Observer  
  71  6:25  Resonating Glaives (Chrono Boost)  
  71  6:26  Probe  
  71  6:28  Probe  
  73  6:38  Probe  
  74  6:46  Pylon  
  74  6:51  Disruptor (Chrono Boost)  
  77  7:03  Gateway  
  77  7:05  Probe, Gateway  
  77  7:07  Probe  
  79  7:09  Forge  
  79  7:16  Probe  
  80  7:24  Robotics Facility  
  80  7:29  Probe x2  
  80  7:30  Probe  
  83  7:39  Probe  
  83  7:40  Probe  
  85  7:45  Stalker x3  
  85  7:48  Stalker  
  93  7:53  Protoss Ground Weapons Level 1 (Chrono Boost)  
  93  7:54  Probe x2  
  93  7:55  Probe  
  93  7:58  Photon Cannon  
  87  8:12  Probe x2  
  71  8:29  Stalker  
  71  8:30  Stalker x3  
  75  8:35  Disruptor  
  75  8:40  Gateway  
  75  8:41  Gateway  
  78  8:45  Disruptor  
  78  8:47  Probe  
  81  8:48  Probe x2  
  84  8:58  Pylon  
  84  9:01  Pylon, Stalker x4  
  84  9:02  Stalker x2  
  96  9:06  Disruptor  
  96  9:08  Pylon  
  96  9:11  Pylon  
  96  9:13  Photon Cannon  
  96  9:15  Photon Cannon, Probe  
  96  9:16  Probe x2  
  102  9:20  Photon Cannon, Disruptor  
  105  9:29  Mothership Core  
  94  9:51  Stalker x3  
  94  9:52  Stalker x3  
  77  10:01  Probe x2  
  63  10:20  Probe x2  
Tags
 
Add a new tag
Caveats
  • Supply blocks, unpowered buildings, or Contaminate may cause inaccurate times.
  • Supply counts are checked every 10 seconds.